Map: 冰雪合金-天梯版

Players

JieShi - Winner!

  • Race: Protoss Protoss
  • League: Master

Silky

  • Race: Zerg Zerg
  • League: Master

Event: DreamHack SC2 Masters 2020 Fall

VOD

Have the link to the VOD?

Description

Time

  • Played on: Sept. 2, 2020, 9:36 a.m.
  • Length: 13:05

All games in this series

Show
View Real Time Build Order
Export as new Build Order

JieShi Protoss - Winner!

Build Orders: 1 Gate Expand 

Get SALT Encoding   

  12  0:00  Probe  
  13  0:12  Probe  
  14  0:24  Probe  
  14  0:25  Pylon  
  15  0:43  Probe (Chrono Boost)  
  15  0:45  Gateway  
  16  0:51  Assimilator  
  16  0:53  Probe (Chrono Boost)  
  17  0:58  Probe (Chrono Boost)  
  18  1:09  Probe  
  19  1:21  Probe  
  20  1:29  Nexus  
  20  1:36  Cybernetics Core  
  20  1:39  Probe  
  21  1:46  Assimilator  
  21  1:51  Probe  
  22  1:56  Pylon  
  22  2:04  Probe  
  23  2:11  Adept (Chrono Boost)  
  25  2:16  Probe  
  25  2:20  Robotics Facility  
  26  2:27  Warp Gate  
  26  2:28  Probe  
  27  2:32  Adept (Chrono Boost)  
  29  2:41  Probe (Chrono Boost)  
  31  2:45  Probe (Chrono Boost)  
  31  2:50  Probe (Chrono Boost)  
  32  2:54  Stalker, Probe (Chrono Boost)  
  35  2:59  Probe  
  35  3:04  Probe  
  37  3:08  Robotics Bay  
  37  3:11  Probe  
  38  3:16  Probe  
  39  3:24  Warp Prism (Chrono Boost), Probe  
  38  3:28  Probe  
  41  3:35  Gateway  
  41  3:36  Probe  
  41  3:40  Probe, Pylon  
  43  3:49  Probe  
  43  3:52  Probe  
  45  3:56  Disruptor (Chrono Boost)  
  45  3:57  Gravitic Drive  
  47  4:03  Pylon  
  47  4:06  Pylon  
  46  4:14  Probe x2  
  46  4:15  Adept  
  50  4:17  Assimilator  
  50  4:20  Assimilator  
  50  4:25  Disruptor (Chrono Boost)  
  50  4:26  Probe x2  
  50  4:27  Gateway  
  55  4:35  Adept  
  55  4:36  Adept, Pylon  
  55  4:38  Probe x2  
  61  4:40  Pylon  
  61  4:49  Pylon  
  61  4:50  Probe  
  62  4:54  Probe  
  62  4:58  Observer  
  64  5:02  Adept x2  
  68  5:11  Nexus, Pylon  
  68  5:15  Stargate  
  68  5:21  Stargate  
  65  5:34  Probe x2  
  67  5:37  Zealot x3, Shield Battery  
  73  5:46  Probe x2  
  75  5:58  Probe x2  
  75  6:03  Phoenix (Chrono Boost)  
  75  6:04  Phoenix (Chrono Boost)  
  79  6:10  Forge, Probe x2, Immortal, Pylon  
  87  6:17  Pylon  
  87  6:18  Sentry  
  89  6:22  Probe x2  
  89  6:25  Pylon  
  91  6:27  Phoenix (Chrono Boost)  
  91  6:30  Phoenix (Chrono Boost)  
  95  6:34  Probe  
  95  6:38  Zealot  
  95  6:39  Zealot, Probe  
  101  6:48  Phoenix x2 (Chrono Boost), Sentry  
  101  6:51  Probe  
  108  6:58  Probe x2  
  106  7:03  Assimilator, Probe  
  106  7:07  Assimilator, Immortal, Protoss Ground Weapons Level 1  
  111  7:11  Photon Cannon  
  111  7:12  Phoenix (Chrono Boost)  
  113  7:16  Probe  
  113  7:21  Phoenix (Chrono Boost)  
  116  7:27  Probe  
  116  7:29  Gateway  
  117  7:30  Gateway, Probe  
  117  7:33  Twilight Council, Gateway  
  117  7:36  Phoenix (Chrono Boost)  
  118  7:37  Gateway  
  120  7:54  Immortal, Photon Cannon  
  120  7:55  Shield Battery  
  120  7:56  Pylon  
  124  8:00  Probe  
  124  8:05  Phoenix x2  
  129  8:16  Zealot x3  
  129  8:18  Gateway  
  127  8:29  Zealot x2, Sentry  
  117  8:37  Zealot x3, Charge (Chrono Boost)  
  117  8:38  Zealot  
  117  8:40  Probe  
  124  8:57  Immortal (Chrono Boost)  
  124  8:58  Nexus  
  124  8:59  Templar Archives, Pylon  
  124  9:03  Sentry  
  124  9:04  Pylon  
  126  9:19  Protoss Ground Weapons Level 2  
  126  9:21  Photon Cannon  
  126  9:23  Shield Battery  
  126  9:24  Photon Cannon  
  126  9:27  Zealot x4, Shield Battery  
  126  9:28  Zealot  
  136  9:36  Zealot  
  136  9:37  Zealot x2  
  131  9:52  Zealot  
  131  9:53  Zealot x4  
  131  9:56  Photon Cannon  
  131  9:58  High Templar  
  131  9:59  High Templar x2  
  145  10:04  Archon  
  144  10:09  Gateway  
  144  10:12  Gateway, Probe (Chrono Boost)  
  148  10:19  High Templar x2, Probe (Chrono Boost)  
  148  10:20  High Templar x3, Psionic Storm, Probe x2 (Chrono Boost)  
  159  10:22  Probe (Chrono Boost)  
  159  10:23  Archon  
  157  10:33  Zealot  
  157  10:35  High Templar, Archon  
  161  10:38  High Templar  
  161  10:39  Photon Cannon  
  161  10:40  Photon Cannon  
  161  10:42  Shield Battery  
  161  10:52  Archon x2  
  161  10:55  High Templar  
  163  11:00  Pylon  
  163  11:02  Pylon  
  163  11:04  Pylon  
  163  11:06  Pylon  
  163  11:17  Colossus (Chrono Boost)  
  154  11:23  High Templar  
  154  11:24  Zealot x3  
  154  11:25  Zealot x2  
  140  11:32  High Templar x2  
  142  11:33  Zealot x2  
  134  11:49  Archon  
  134  11:50  Zealot, High Templar x2  
  134  11:51  Zealot x2  
  144  11:54  Archon  
  144  11:58  Warp Prism (Chrono Boost), Probe x2  
  146  12:10  Probe x2  
  115  12:23  Probe  
  104  12:30  Zealot  
  104  12:31  Zealot x6  
  104  12:32  Zealot x3  
  104  12:35  Probe  
  125  12:56  High Templar x4  
  125  12:57  Zealot x4  
  125  12:58  Zealot x2  
  135  13:01  Archon  
  135  13:02  Archon  
Show
View Real Time Build Order
Export as new Build Order

Silky Zerg 

Build Orders: Hatch First 

Get SALT Encoding   

  12  0:00  Drone  
  13  0:12  Overlord  
  13  0:16  Drone  
  14  0:30  Drone x2  
  16  0:48  Hatchery  
  15  0:51  Drone  
  15  0:54  Drone  
  17  0:57  Drone  
  18  1:05  Extractor  
  17  1:13  Spawning Pool  
  17  1:15  Drone  
  17  1:19  Drone  
  18  1:28  Drone  
  19  1:38  Drone  
  20  1:50  Drone  
  21  1:58  Hatchery  
  21  2:00  Queen  
  22  2:04  Zergling x2  
  23  2:10  Drone  
  23  2:13  Metabolic Boost  
  24  2:23  Queen  
  24  2:27  Overlord  
  26  2:38  Zergling x4  
  28  2:47  Drone  
  28  2:51  Drone x3  
  29  2:54  Queen  
  29  2:55  Drone  
  34  2:59  Drone  
  34  3:05  Overlord  
  35  3:11  Spore Crawler  
  34  3:15  Drone  
  34  3:20  Spore Crawler  
  34  3:22  Zergling x2  
  34  3:23  Zergling x6  
  34  3:26  Drone  
  38  3:33  Drone x5  
  45  3:41  Overlord  
  45  3:42  Drone  
  45  3:45  Roach Warren  
  45  3:46  Drone  
  46  3:52  Overlord  
  46  3:55  Extractor  
  46  3:59  Zergling x4  
  46  4:01  Drone  
  47  4:04  Lair  
  47  4:06  Drone x4  
  50  4:13  Drone x4  
  54  4:22  Overlord  
  54  4:23  Drone x2  
  55  4:26  Spore Crawler  
  55  4:27  Roach x2  
  58  4:33  Roach  
  58  4:35  Overlord  
  58  4:36  Roach  
  62  4:40  Zergling x2  
  62  4:41  Zergling x6  
  66  4:49  Overlord x2  
  66  4:51  Zergling x2  
  67  4:54  Overlord  
  67  4:55  Drone  
  67  4:56  Drone x2  
  67  4:57  Extractor  
  69  5:01  Evolution Chamber  
  69  5:02  Drone  
  69  5:03  Drone x2  
  69  5:05  Drone x2  
  73  5:09  Drone  
  73  5:10  Glial Reconstitution  
  73  5:13  Drone x2  
  76  5:19  Drone x5  
  81  5:28  Zergling x6  
  74  5:29  Queen  
  74  5:33  Zerg Melee Weapons Level 1  
  78  5:36  Baneling Nest  
  78  5:40  Zergling x2  
  79  5:42  Zergling x2  
  79  5:45  Overlord x2  
  79  5:50  Hatchery  
  79  5:55  Overlord  
  79  5:56  Overlord  
  78  6:00  Roach x5  
  78  6:01  Zergling x2  
  78  6:04  Zergling x4  
  90  6:08  Zergling x10  
  96  6:15  Drone  
  97  6:18  Zergling x2  
  97  6:22  Ravager x4  
  102  6:27  Zergling x10  
  106  6:33  Centrifical Hooks  
  106  6:34  Zergling x2  
  106  6:35  Zergling x4  
  109  6:40  Zergling x2  
  109  6:42  Drone, Hatchery  
  109  6:43  Drone x2  
  109  6:46  Ravager  
  113  6:49  Roach  
  113  6:58  Zergling x14  
  110  7:05  Extractor, Baneling x6  
  111  7:08  Drone x3  
  111  7:10  Extractor  
  111  7:13  Drone x3  
  111  7:14  Zergling x8  
  118  7:16  Drone x2  
  118  7:22  Ravager  
  114  7:27  Roach x4  
  114  7:28  Zergling x4  
  124  7:37  Zergling x6  
  125  7:39  Queen  
  125  7:40  Zerg Melee Weapons Level 2  
  125  7:41  Zergling x2  
  130  7:46  Drone  
  130  7:47  Drone x3, Spore Crawler  
  130  7:49  Spore Crawler  
  130  7:50  Spore Crawler  
  128  7:52  Drone x5, Spore Crawler  
  128  7:55  Spore Crawler  
  128  7:57  Hydralisk Den  
  130  7:59  Drone  
  130  8:00  Drone x3  
  130  8:04  Drone  
  130  8:05  Drone  
  134  8:09  Baneling  
  134  8:10  Baneling x6  
  134  8:11  Overlord x3  
  134  8:12  Drone x3  
  135  8:24  Zergling x2  
  135  8:25  Zergling x14  
  133  8:33  Zergling x10  
  122  8:40  Zergling x10  
  120  8:41  Hatchery  
  120  8:45  Zergling x2  
  106  8:49  Zergling x6  
  106  8:51  Grooved Spines, Hydralisk x2  
  113  8:57  Hydralisk  
  113  9:00  Hydralisk x3  
  121  9:04  Hydralisk x2  
  121  9:09  Drone x6  
  131  9:10  Spore Crawler  
  131  9:11  Baneling x9  
  131  9:13  Hydralisk x3  
  128  9:19  Drone x3  
  128  9:20  Hydralisk  
  128  9:23  Overlord  
  133  9:24  Hydralisk  
  133  9:29  Overlord  
  135  9:38  Hydralisk x2  
  132  9:45  Hydralisk  
  132  9:46  Hydralisk x2  
  132  9:50  Drone x3, Extractor  
  132  9:51  Drone x3, Extractor  
  132  9:52  Hydralisk x2  
  138  9:55  Zergling x2  
  138  9:56  Zergling x10, Zerg Missile Weapons Level 1  
  144  10:03  Zergling x12  
  148  10:10  Zergling x20  
  157  10:14  Zergling x2  
  157  10:15  Zergling x2  
  157  10:18  Zergling x12  
  157  10:20  Baneling x2  
  165  10:22  Baneling x14  
  165  10:25  Overlord x2  
  165  10:28  Baneling  
  165  10:29  Baneling x2  
  165  10:30  Baneling  
  165  10:31  Overlord, Baneling x3  
  163  10:47  Zergling x2  
  163  10:48  Zergling x30  
  177  10:53  Hydralisk  
  177  10:54  Hydralisk x4  
  187  10:59  Baneling x10  
  187  11:03  Baneling x4  
  187  11:06  Overlord  
  187  11:10  Baneling  
  177  11:20  Zergling x16  
  177  11:23  Hydralisk x6  
  177  11:25  Zergling x10  
  177  11:29  Zergling x12  
  177  11:31  Hydralisk  
  167  11:35  Zergling x2  
  167  11:36  Zergling x8  
  166  11:41  Hydralisk  
  166  11:42  Hydralisk x2  
  166  11:46  Hydralisk  
  138  11:47  Hydralisk x2  
  138  11:48  Hydralisk  
  138  11:50  Hydralisk  
  138  11:52  Zergling x6  
  147  11:54  Baneling x3  
  147  11:57  Baneling x6  
  147  11:58  Zergling x2  
  148  12:02  Zergling x6  
  148  12:03  Baneling  
  148  12:04  Baneling x5  
  146  12:09  Zergling x2  
  146  12:14  Zergling x8  
  126  12:16  Hydralisk  
  126  12:21  Hydralisk x3  
  114  12:23  Hydralisk  
  114  12:24  Zergling x2  
  114  12:27  Zergling x22  
  109  12:32  Zergling x8  
  109  12:34  Zergling x4  
  103  12:37  Baneling x2  
  103  12:38  Zergling x2  
  103  12:39  Hydralisk  
  99  12:46  Zergling x2  
  99  12:47  Zergling x2  

Tags
 
Add a new tag
Caveats
  • Supply blocks, unpowered buildings, or Contaminate may cause inaccurate times.
  • Supply counts are checked every 10 seconds.